AoeStats
← PAYLOTO

Black Forest

509899173Analyzed
4v4 RM · 5d ago on Sep 28, 2026· 46m 12s· 8 players
Game mode
Random Map
Map size
Large (8 player)
Population
200
Speed
Normal
Resources
Standard
Victory
Conquest
Starting age
Dark Age
Ending age
Imperial Age
RankedLock teamsTeams togetherTeam positionsShared explorationLock speedFull tech treeHidden civsTurbo modeCheats
Victory
Defeat
🇫🇷 Bohemians · France
1478
+13
🇩🇰 Persians · Denmark
1404
+16
🇨🇳 Georgians · China
1348
+18
🇨🇳 Bulgarians · China
1348
+19
🇨🇳 Persians · China
1423
-17
1422
-17
🇨🇳 Jurchens · China
1398
-16
🇨🇳 Bohemians · China
1398
-16
PAYLOTO
2:13 Loom
11:36 Feudal Age
18:18 Fletching
19:26 Double-Bit Axe
19:22 Horse Collar
23:30 Castle Age
23:47 Town Watch
24:44 Bow Saw
25:10 Wheelbarrow
25:24 Heavy Plow
28:44 Fervor
28:54 Sanctity
29:16 Hand Cart
32:11 Imperial Age
30:11 Hand Cart
31:39 Chemistry
31:56 Fortified Wall
32:07 Ballistics
31:58 Masonry
32:15 Scale Mail Armor
32:25 Forging
32:55 Houfnice
34:36 Pikeman
35:17 Squires
35:23 Halberdier
37:23 Chain Mail Armor
37:18 Forging
聂灭知北
5:12 Loom
11:39 Feudal Age
13:13 Double-Bit Axe
13:18 Horse Collar
16:13 Castle Age
28:04 Wheelbarrow
28:31 Bow Saw
28:40 Heavy Plow
33:47 Imperial Age
31:35 Hand Cart
32:05 Bloodlines
31:55 Husbandry
32:02 Scale Barding Armor
31:52 Gold Mining
32:48 Forging
32:42 Stone Mining
33:28 Gold Shaft Mining
33:01 Town Watch
34:02 Stone Shaft Mining
33:56 Chain Barding Armor
34:11 Iron Casting
34:15 Elite Steppe Lancer
35:31 Plate Barding Armor
35:26 Conscription
36:53 Two-Man Saw
37:23 Heavy Rocket Cart
37:26 Capped Ram
38:23 Fletching
38:33 Padded Archer Armor
40:50 Fortified Bastions
40:58 Fortified Bastions
41:34 Hoardings
42:28 Blast Furnace
41:23 Bodkin Arrow
41:44 Leather Archer Armor
只会种田
7:27 Loom
12:25 Feudal Age
12:56 Double-Bit Axe
16:51 Castle Age
15:51 Horse Collar
17:04 Gold Mining
17:34 Scale Barding Armor
25:08 Wheelbarrow
24:24 Fishing Lines
25:16 Bow Saw
27:15 Hand Cart
31:14 Imperial Age
28:49 Stone Mining
29:35 Gold Shaft Mining
29:25 Husbandry
29:35 Bloodlines
30:13 Chain Barding Armor
30:31 Forging
30:37 Gillnets
32:20 Plate Barding Armor
32:20 Iron Casting
32:49 Stone Shaft Mining
32:48 Elite War Elephant
33:50 Conscription
34:57 Two-Man Saw
34:00 Heavy Plow
35:43 Chemistry
36:24 Blast Furnace
36:19 Fletching
36:44 Citadels
37:44 Bodkin Arrow
38:01 Murder Holes
39:46 Guilds
42:51 Hoardings
43:51 Caravan
TEUTONEN(儒门学习版)
2:01 Loom
17:38 Feudal Age
23:37 Double-Bit Axe
25:09 Horse Collar
31:40 Castle Age
37:51 Imperial Age
40:28 Chemistry
40:42 Gold Mining
45:16 Wheelbarrow
FinishedMyBurger
1:52 Loom
11:16 Feudal Age
12:13 Double-Bit Axe
20:44 Castle Age
19:32 Gold Mining
19:23 Horse Collar
20:02 Fletching
20:40 Crossbowman
23:19 Bow Saw
25:12 Wheelbarrow
28:31 Heavy Plow
30:01 Hand Cart
31:54 Stone Mining
36:58 Imperial Age
34:52 Scale Barding Armor
34:58 Forging
36:52 Chain Barding Armor
37:46 Conscription
38:06 Plate Barding Armor
38:07 Iron Casting
37:36 Elite War Elephant
38:52 Hoardings
38:25 Husbandry
38:35 Bloodlines
40:17 Blast Furnace
43:56 Town Watch
44:22 Guilds
45:19 Two-Man Saw
44:50 Crop Rotation
47:21 Gold Shaft Mining
47:22 Stone Shaft Mining
46:51 Town Patrol
slay
7:39 Loom
10:36 Feudal Age
9:50 Loom
11:16 Double-Bit Axe
12:06 Horse Collar
15:24 Fishing Lines
21:51 Castle Age
22:53 Bow Saw
22:45 Heavy Plow
22:43 Gillnets
25:17 Wheelbarrow
24:28 Loom
26:37 Hand Cart
26:58 Scale Mail Armor
27:08 Forging
27:18 Town Watch
30:34 Imperial Age
28:49 Chain Mail Armor
29:09 Iron Casting
30:09 Chemistry
29:13 Pikeman
29:55 Squires
30:55 Houfnice
32:16 Plate Mail Armor
32:46 Blast Furnace
31:57 Halberdier
34:18 Blast Furnace
38:43 Siege Engineers
44:10 Conscription
43:58 Wagenburg Tactics
SlyFever
0:29 Loom
15:10 Feudal Age
16:05 Double-Bit Axe
17:00 Fletching
20:59 Horse Collar
26:15 Castle Age
24:42 Gold Mining
25:55 Fishing Lines
31:50 Imperial Age
29:20 Stone Mining
29:43 Bow Saw
29:44 Heavy Plow
30:26 Bodkin Arrow
30:23 Guard Tower
30:59 Treadmill Crane
31:45 Svan Towers
32:36 Stone Shaft Mining
34:09 Chemistry
33:29 Masonry
34:47 Town Watch
35:38 Bracer
35:59 Arrowslits
36:38 Gillnets
38:09 Block Printing
39:57 Theocracy
40:06 Fervor
40:14 Fortified Wall
40:27 Redemption
41:34 Sanctity
cuilao8123
3:24 Loom
10:34 Feudal Age
11:03 Horse Collar
11:09 Double-Bit Axe
12:13 Arson
16:10 Scale Mail Armor
18:48 Wheelbarrow
22:10 Castle Age
20:34 Scale Barding Armor
20:40 Forging
20:32 Fishing Lines
20:53 Gold Mining
23:08 Hand Cart
23:08 Bow Saw
23:36 Bloodlines
23:27 Husbandry
23:44 Squires
25:16 Heavy Plow
26:27 Chain Barding Armor
28:57 Gillnets
32:10 Stone Mining
35:23 Imperial Age
33:46 Iron Casting
32:54 Light Cavalry
35:28 Fletching
35:38 Padded Archer Armor
35:31 Hussar
35:31 Cavalier
37:14 Blast Furnace
36:50 Plate Barding Armor
36:19 Town Watch
37:10 Bodkin Arrow
37:31 Leather Archer Armor
37:56 Chain Mail Armor
37:18 Pikeman
37:44 Gambesons
38:05 Bracer
38:48 Crop Rotation
38:51 Plate Mail Armor
39:09 Illumination
39:22 Theocracy
39:24 Conscription
39:39 Caravan
39:15 Halberdier
40:30 Bagains
41:28 Fervor
42:36 Redemption
43:23 Stirrups
Connection lost

Rejoining the realm…

Still unreachable

The connection could not be restored.

Session expired

The server has moved on; the page needs a fresh start.